 Dungeon Crawl Stone Soup version 0.31-a0-844-gdc52ec4e09 (webtiles) character file.

Game seed: 7672057538451817672

895 DocEon the Spear-Bearer (level 8, -1/56 HPs)
             Began as a Merfolk Gladiator on Sept 29, 2023.
             Was a Follower of Okawaru.
             Slain by a hornet (4 damage)
             ... while paralysed by a hornet
             ... on level 6 of the Dungeon.
             The game lasted 00:08:08 (4167 turns).

DocEon the Spear-Bearer (Merfolk Gladiator)         Turns: 4167, Time: 00:08:09

Health: -1/56      AC:  9    Str: 14    XL:     8   Next: 6%
Magic:  8/8        EV:  2    Int:  7    God:    Okawaru [*.....]
Gold:   223        SH:  0    Dex: 18    Spells: 6/7 levels left

rFire   . . .        a - +1 trident
rCold   . . .        (no shield)
rNeg    . . .        b - +0 leather armour
rPois   .            c - +1 helmet
rElec   .            (no cloak)
rCorr   .            s - +2 pair of gloves
SInv    .            l - +0 pair of boots
Will    .....        (no amulet)
Stlth   +            p - +5 ring of evasion
HPRegen 0.29/turn    (no ring)
MPRegen 0.11/turn

%: no passive effects
@: paralysed, lethally poisoned (-1 -> -13), slowed
A: (nimble swimmer 2), mertail
a: Renounce Religion, Heroism


You were on level 6 of the Dungeon.
You worshipped Okawaru.
Okawaru was aware of your devotion.
You visited 2 branches of the dungeon, and saw 7 of its levels.

You collected 288 gold pieces.
You spent 65 gold pieces at shops.

Inventory:

Hand Weapons
 a - a +1 trident (weapon)
Missiles
 d - 2 throwing nets
 e - a javelin
 r - 2 poisoned darts
Armour
 b - a +0 leather armour (worn)
 c - a +1 helmet (worn)
 l - a +0 pair of boots (worn)
 s - a +2 pair of gloves (worn)
Jewellery
 j - a ring of flight
 p - a +5 ring of evasion (left hand)
Wands
 q - a wand of polymorph (9)
Scrolls
 k - a scroll of teleportation
 m - a scroll of enchant armour
 t - a scroll of enchant weapon
Potions
 f - a potion of mutation
 g - 2 potions of attraction
 h - a potion of brilliance
 i - 3 potions of might
 n - a potion of berserk rage
 o - 4 potions of heal wounds
 u - a potion of curing {unknown}


   Skills:
 - Level 2.1 Fighting
 * Level 12.2 Polearms
 - Level 2.0 Throwing
 - Level 4.0 Dodging
 + Level 0.1 Invocations


You had 6 spell levels left.
You knew the following spells:

 Your Spells              Type           Power      Damage    Failure   Level
a - Magic Dart            Conj           0%         1d3       52%         1

Your spell library contained the following spells:

 Spells                   Type           Power      Damage    Failure   Level
 Apportation              Tloc           0%         N/A       52%         1
 Necrotise                Necr           0%         1d4       52%         1
 Ensorcelled Hibernation  Hex/Ice        0%         N/A       65%         2
 Jinxbite                 Hex            0%         N/A       65%         2
 Searing Ray              Conj           0%         2d4       65%         2
 Anguish                  Hex/Necr       0%         N/A       99%         4
 Fulminant Prism          Conj/Hex       0%         3d5       99%         4
 Vhi's Electric Charge    Tloc/Air       0%         N/A       99%         4
 Arcjolt                  Conj/Air       0%         1d10      100%        5
 Maxwell's Capacitive Co  Air            0%         ∞         100%        8
 Summon Small Mammal      Summ           Unusable   N/A       N/A         1
 Call Canine Familiar     Summ           Unusable   N/A       N/A         3
 Summon Guardian Golem    Hex/Summ       Unusable   N/A       N/A         3

Dungeon Overview and Level Annotations

Branches:
Dungeon (6/15)             Temple (1/1) D:4

Altars:
Cheibriados
Dithmenos
Elyvilon
Fedhas
Gozag
Kikubaaqudgha
Makhleb
Nemelex Xobeh
Okawaru
Qazlal
Ru
Sif Muna
Uskayaw
Vehumet
Yredelemnul
Zin
The Shining One

Shops:
D:3 !


Innate Abilities, Weirdness & Mutations

((You are very nimble when in or above water. (Stealth+, EV+, Speed+++)))
Your lower body shifts to a powerful aquatic tail in water.


Message History

The centaur barely misses you.
The centaur kicks you but does no damage.
The hornet closely misses you. The centaur barely misses you. x2
You miss the hornet.
The hornet is severely wounded.
The hornet stings you but does no damage.
The centaur barely misses you.
The centaur kicks you but does no damage.
You hit the hornet but do no damage.
The hornet is severely wounded.
The hornet barely misses you. The centaur closely misses you.
The centaur kicks you but does no damage.
You hit the hornet.
The hornet is almost dead.
The hornet barely misses you. The centaur barely misses you.
The centaur kicks you.
You hit the hornet but do no damage. You punch the hornet, but do no damage.
The hornet is almost dead.
The hornet stings you but does no damage.
The centaur completely misses you. The centaur barely misses you.
You hit the hornet but do no damage.
The hornet is almost dead.
The hornet closely misses you.
The centaur hits you but does no damage.
The centaur closely misses you.
You closely miss the hornet.
The hornet is almost dead.
The hornet stings you!
* * * LOW HITPOINT WARNING * * *
You suddenly lose the ability to move!
The centaur hits you.
* * * LOW HITPOINT WARNING * * *
The centaur kicks you but does no damage.
The hornet stings you.
* * * LOW HITPOINT WARNING * * *
You are lethally poisoned!
You feel yourself slow down.
The centaur hits you but does no damage.
The centaur kicks you but does no damage.
The hornet stings you.
You die...

.)...)....##.......#
#.....###.###..##..##
#.....# ### #o.##..###
####.....####
#.........
#.......c...#
#..##..###
............####.###..#
......_........o#oo>..#
#...........####y##...#
#...........####@c....#
###.....###............
#.....# #..........##
#.....############.#
###.###.# # #..# #.###
#####.## #... ......#
#..# #####.# #..######


You could see a hornet, a centaur, an orc priest and an orc.

Vanquished Creatures
  Sigmund (D:2)
  A sky beast (D:5)
  2 ogres (D:5)
  A phantom (D:6)
  A hound (D:2)
  An orc priest (D:5)
  2 sleepcaps (D:5)
  Jessica (D:2)
  2 iguanas
  3 orc wizards
  A mummy (D:6)
  3 adders
  A white imp (D:5)
  4 worms
  6 orcs
  7 ball pythons
  2 bats (D:1)
  9 endoplasms
  5 giant cockroaches
  3 goblins
  8 hobgoblins
  3 jackals (D:1)
  9 kobolds
  2 quokkas
  4 frilled lizards
  6 rats
88 creatures vanquished.

Notes
Turn   | Place    | Note
-------+----------+-------------------------------------------
     0 | D:1      | DocEon the Merfolk Gladiator began the quest for the Orb.
     0 | D:1      | Reached XP level 1. HP: 16/16 MP: 1/1
   181 | D:1      | Reached XP level 2. HP: 22/22 MP: 2/2
   237 | D:1      | Reached skill level 5 in Polearms
   589 | D:1      | Reached XP level 3. HP: 27/27 MP: 3/3
   834 | D:2      | Found a hide-covered altar of Uskayaw.
   841 | D:2      | Noticed Sigmund
   896 | D:2      | Killed Sigmund
   897 | D:2      | Reached skill level 8 in Polearms
   897 | D:2      | Reached XP level 4. HP: 25/33 MP: 4/4
   897 | D:2      | Reached XP level 5. HP: 28/38 MP: 5/5
   957 | D:2      | Noticed Jessica
   970 | D:2      | Killed Jessica
  1006 | D:2      | Reached XP level 6. HP: 36/44 MP: 6/6
  1212 | D:2      | Reached skill level 9 in Polearms
  1449 | D:3      | Found Pianuux's Distillery.
  1452 | D:3      | Bought a potion of berserk rage for 65 gold pieces
  1562 | D:3      | Found a sparkling altar of Nemelex Xobeh.
  1797 | D:3      | Found a faded altar of an unknown god.
  2256 | D:4      | Found a staircase to the Ecumenical Temple.
  2289 | Temple   | Entered the Ecumenical Temple
  2320 | Temple   | Became a worshipper of Warmaster Okawaru
  2376 | D:4      | Found a basalt altar of Yredelemnul.
  2706 | D:4      | Found a glowing silver altar of Zin.
  2788 | D:5      | Entered Level 5 of the Dungeon
  3077 | D:5      | Reached skill level 10 in Polearms
  3134 | D:5      | Reached XP level 7. HP: 29/50 MP: 7/7
  3226 | D:5      | Found a radiant altar of Vehumet.
  3396 | D:5      | Reached * piety under Okawaru
  3480 | D:5      | Reached skill level 11 in Polearms
  3604 | D:5      | Learned a level 1 spell: Magic Dart
  3852 | D:5      | Found a burning altar of Makhleb.
  3852 | D:5      | Found a sacrificial altar of Ru.
  3984 | D:6      | Found a hide-covered altar of Uskayaw.
  3994 | D:6      | Reached skill level 12 in Polearms
  3994 | D:6      | Reached XP level 8. HP: 56/56 MP: 8/8
  4023 | D:6      | Found a snail-covered altar of Cheibriados.
  4093 | D:6      | Noticed a shadow
  4093 | D:6      | Noticed a yak
  4097 | D:6      | Noticed a hornet
  4137 | D:6      | Paralysed by a hornet for 1 turns
  4144 | D:6      | Paralysed by a hornet for 1 turns
  4154 | D:6      | Paralysed by a hornet for 2 turns
  4166 | D:6      | Paralysed by a hornet for 1 turns
  4167 | D:6      | Slain by a hornet

Illustrated notes

Levels and vault maps discovered:
D:1:      dpeg_arrival_leaves_temple_mockup, layout_basic, serial_rivers,
          chequers_serial_rivers_small_3, chequers_serial_rivers_small_b,
          chequers_serial_rivers_room_b, chequers_serial_rivers_room_b,
          chequers_serial_rivers_large_a, chequers_serial_rivers_room_b,
          chequers_big_river
D:2:      layout_rooms, basic_altar, minmay_tetromino_s2, uniq_sigmund,
          uniq_jessica
D:3:      layout_basic, nemelex_xobeh_ov_fountains_minmay,
          ebering_ecumenical_altar_petrified, serial_shops, shop
D:4:      layout_rooms, nicolae_overflow_hidden_temple, lemuel_round_altar,
          kennysheep_mini_moat, minmay_temple_entry_enclosed_plants
D:5:      layout_cave_pools, mainiacjoe_overflow_24_doors,
          amethyst_overflow_temple_binary
D:6:      layout_loops_ring, nicolae_uskayaw_dance_hall, slow_altar_1,
          serial_shops, shop, serial_park_tiny_1, minmay_manual_mail
Temple:   hellmonk_temple_beads

Skill      XL: |  1  2  3  4  5  6  7 |
---------------+----------------------+-----
Polearms       | 5 8 10 12 | 12.2
Fighting       | |  2.1
Throwing       | |  2.0
Dodging        | |  4.0
Invocations    | |  0.1

Action                     |  1- 3 |  4- 6 |  7- 9 || total
---------------------------+-------+-------+-------++-------
  Melee: Trident           |    87 |   166 |   122 ||   375
         Tailslap          |     2 |       |       ||     2
         Punch             |       |     4 |     4 ||     8
  Throw: Throwing net      |     1 |       |       ||     1
         Dart              |       |       |     2 ||     2
         Javelin           |       |       |     1 ||     1
   Cast: Magic Dart        |       |       |     3 ||     3
 Invoke: Heroism           |       |       |     1 ||     1
    Use: Scroll            |     1 |    11 |     3 ||    15
         Potion            |       |       |     3 ||     3
   Stab: Sleeping          |     2 |     5 |     1 ||     8
         Distracted        |       |     1 |       ||     1
 Armour: Leather armour    |    29 |    44 |    94 ||   167
  Dodge: Dodged            |    49 |    73 |   118 ||   240

Table legend: (Time is in decaauts)
 A = Elapsed time spent in this place.
 B = Non-inter-level travel time spent in this place.
 C = Inter-level travel time spent in this place.
 D = Time resting spent in this place.
 E = Time spent auto-exploring this place.
 F = Levels seen in this place.
 G = Mean time per level.
                   A        B        C        D        E       F      G
               +--------+--------+--------+--------+--------+-----+--------+
         Total |   4075 |   3848 |    227 |    608 |   2337 |   7 |  582.1 |
       Dungeon |   4012 |   3846 |    166 |    608 |   2337 |   6 |  668.7 |
        Temple |     62 |      2 |     60 |      0 |      0 |   1 |   62.0 |
               +--------+--------+--------+--------+--------+-----+--------+

Top non-repeatable levels by time:
     D:5: 948 daAuts
     D:1: 830 daAuts
     D:3: 784 daAuts
     D:4: 735 daAuts
     D:2: 533 daAuts
     D:6: 178 daAuts
  Temple: 62 daAuts
